 Dungeon Sprint DCSS version 0.21-a0-278-ga722497 (webtiles) character file.

8379 potatolord6000 the Severer (level 11, -33/111 HPs)
             Began as a Hill Orc Fighter on Sept 21, 2017.
             Was the Champion of Beogh.
             Annihilated by an Ice Fiend (39 damage)
             ... summoned by a lich
             ... in the Dungeon (Sprint V: "Ziggurat Sprint").
             The game lasted 00:05:11 (691 turns).

potatolord6000 the Severer (Hill Orc Fighter)        Turns: 691, Time: 00:05:12

Health: -33/111    AC: 31    Str: 35    XL:     11   Next: 29%
Magic:  22/22      EV:  2    Int:  8    God:    Beogh [******]
Gold:   0          SH: 32    Dex: 10    Spells: 10/10 levels left

rFire    . . .     SeeInvis .   A - +5 broad axe
rCold    . . .     Gourm    .   y - +18 shield of the Gong {rElec rN+ MR+ EV-5}
rNeg     + . .     Faith    .   a - +9 crystal plate armour
rPois    +         Spirit   .   (no helmet)
rElec    +         Reflect  .   (no cloak)
rCorr    .         Harm     .   (no gloves)
MR       +....     NoTele   +   (no boots)
Stlth    ..........             (no amulet)
HPRegen  0.28/turn              D - +6 ring of strength
MPRegen  0.18/turn              E - +6 ring of strength

@: slowed, very slow
A: walk on water, poison resistance
a: Smiting, Recall Orcish Followers, Give Item to Named Follower, Resurrection,
Renounce Religion


You were in the Dungeon.
You worshipped Beogh.
Beogh was exalted by your worship.
You were not hungry.

You visited 1 branch

Inventory:

Hand Weapons
 A - a +5 broad axe (weapon)
Armour
 a - a +9 crystal plate armour (worn)
 y - the +18 shield of the Gong (worn) {rElec rN+ MR+ EV-5}
   (You found it in the Dungeon)

   It affects your evasion (-5).
   It insulates you from electricity.
   It protects you from negative energy.
   It affects your resistance to hostile enchantments.
Jewellery
 D - a +6 ring of strength (left hand)
 E - a +6 ring of strength (right hand)
Scrolls
 k - 4 scrolls of blinking
 q - 4 scrolls of amnesia
 r - 4 scrolls of recharging
 s - 7 scrolls of fog
 t - a scroll of holy word
 u - 5 scrolls of identify
 v - 5 scrolls of remove curse
 w - 2 scrolls of fear
Potions
 d - 4 potions of might
 e - 10 potions of curing
 g - 7 potions of heal wounds
 h - 4 potions of haste
 i - 7 potions of magic
 j - 3 potions of berserk rage
 l - 2 potions of brilliance
 m - a potion of invisibility
 n - 3 potions of resistance
 p - 3 potions of agility
Comestibles
 f - 5 bread rations
 x - 42 fruits
 z - 4 meat rations


   Skills:
 + Level 14.5 Fighting
 + Level 15.3 Axes
 + Level 13.5 Armour
 + Level 13.4 Shields
 + Level 15.2 Invocations


You had 10 spell levels left.
You didn't know any spells.

Dungeon Overview and Level Annotations

Branches:
Dungeon (1/1)

Altars:
Ashenzari
Cheibriados
Dithmenos
Elyvilon
Fedhas
Gozag
Hepliaklqana
Kikubaaqudgha
Makhleb
Nemelex Xobeh
Okawaru
Qazlal
Ru
Sif Muna
Trog
Uskayaw
Vehumet
Wu Jian
Xom
Yredelemnul
Zin
The Shining One
Beogh
Jiyva
Lugonu

Annotations:
D 1 transporter


Innate Abilities, Weirdness & Mutations

You can walk on water.
Your system is resistant to poisons. (rPois)


Message History

The cacodemon is almost dead.
You slash the reaper! You miss something. You slice the Ice Fiend!!
Something touches you but does no damage.
You block the cacodemon's attack.
GONNNNG!
You block the cacodemon's attack.
BONNNG!
The Ice Fiend claws you but does no damage.
You block the Ice Fiend's attack.
BOUMMMMG!
The reaper hits you with a scythe of protection!
* * * LOW HITPOINT WARNING * * *
Something touches you but does no damage.
You slice the cacodemon!!
You kill the cacodemon!
Your crystal plate armour prevents you from hitting the reaper.
You closely miss something. You hit the Ice Fiend. The Ice Fiend claws you.
* * * LOW HITPOINT WARNING * * *
The Ice Fiend freezes you!!!
You die...

▓.▓.††..▓.▓.▓...▓.▓
▓....©....▓...©...▓
▓▓▓▓▓▓▓▓▓▓▓▓▓▓▓▓▓▓▓
▓...8©8...▓..8©8..▓
▓..==.}?..▓..)[...▓
▓...[[)...▓..|)}..▓
▓.........▓.......▓
▓...1|{...▓.......▓
▓....@2...▓.......▓
▓....)....▓.......▓
▓.▓.....▓.▓.▓...▓.▓
▓....©....▓...©...▓
▓▓▓▓▓▓▓▓▓▓▓▓▓▓▓▓▓▓▓


You could see an Ice Fiend and a reaper.

Vanquished Creatures
  3 tentacled starspawn (D)
  A green death (D)
  A large abomination (D)
  A black mamba (D)
  A naga mage (D)
  2 slime creatures (D)
  2 small abominations (D)
  A yak (D)
  A naga (D)
  2 water moccasins (D)
  A floating eye (D)
  A porcupine (D)
  A bullfrog (D)
  A crimson imp (D)
  3 quasits (D)
  2 iron imps (D)
  4 jellies (D)
  An iguana (D)
  A river rat (D)
  2 shadow imps (D)
  A white imp (D)
  2 oozes (D)
  4 jackals (D)
  A ball python (D)
  A jackal skeleton (D)
  4 starspawn tentacles (D)
45 creatures vanquished.

Vanquished Creatures (collateral kills)
  A small abomination (D)
  A jelly (D)
  A ball python (D)
3 creatures vanquished.

Vanquished Creatures (others)
  A spatial maelstrom (D)
  2 orc priests (D)
  5 starspawn tentacles (D)
8 creatures vanquished.

Grand Total: 56 creatures vanquished

Notes
Turn   | Place    | Note
-------+----------+-------------------------------------------
     0 | D        | Found the +6 Majin-Bo {vamp, Archmagi MP+6 Int+6}
     0 | D        | Found the +7 great mace "Firestarter" {inner flame, rF++}
     0 | D        | potatolord6000 the Hill Orc Fighter began the quest for the Orb.
     0 | D        | Reached XP level 1. HP: 19/19 MP: 1/1
     0 | D        | Found a blossoming altar of Fedhas.
     1 | D        | Found a deep blue altar of Sif Muna.
     1 | D        | Found a sacrificial altar of Ru.
     1 | D        | Found a bloodstained altar of Trog.
     1 | D        | Found a stormy altar of Qazlal.
     1 | D        | Found an iron altar of Okawaru.
     1 | D        | Found a sparkling altar of Nemelex Xobeh.
     1 | D        | Banished a spatial maelstrom
     3 | D        | Found a transporter.
     3 | D        | Found an ancient bone altar of Kikubaaqudgha.
     3 | D        | Found a viscous altar of Jiyva.
     3 | D        | Found a corrupted altar of Lugonu.
     3 | D        | Found a hazy altar of Hepliaklqana.
     3 | D        | Found a burning altar of Makhleb.
     3 | D        | Found an opulent altar of Gozag.
    23 | D        | Found the +9 heavy crossbow "Sniper" {velocity, Acc+∞ SInv}
    23 | D        | Found the +10 dark maul {crush}
    23 | D        | Found the +15 Maxwell's patent armour {-Cast -Tele rElec MR+ rCorr}
    23 | D        | Found the +18 shield of the Gong {rElec rN+ MR+ EV-5}
    23 | D        | Found the cursed +14 obsidian axe {chop, +Fly SInv *Curse}
    25 | D        | Found the +6 shillelagh "Devastator" {shatter}
    25 | D        | Found the +11 plutonium sword {*Contam Stlth-}
    25 | D        | Found the +8 lance "Wyrmbane" {slay drac, rPois rF+ rC+ AC+3}
    25 | D        | Found the +9 sword of Zonguldrok {reap}
    25 | D        | Found the cursed +13 scythe of Curses {drain, *Curse}
    25 | D        | Found the +0 sword of Power
    25 | D        | Found the +16 mace of Variability {chaos}
    25 | D        | Found the +7 Singing Sword
    25 | D        | Found the +7 longbow "Piercer" {penet, EV-2}
   126 | D        | Became a worshipper of Beogh the Brigand
   140 | D        | Reached skill level 5 in Fighting
   140 | D        | Reached XP level 2. HP: 29/29 MP: 1/5
   188 | D        | Entered arena 2.
   188 | D        | Noticed a green death
   188 | D        | Noticed a crimson imp
   188 | D        | Found a transporter.
   198 | D        | Killed a crimson imp
   198 | D        | Reached skill level 5 in Axes
   198 | D        | Reached skill level 5 in Armour
   198 | D        | Reached skill level 5 in Shields
   198 | D        | Reached XP level 3. HP: 33/37 MP: 6/6
   200 | D        | Killed a green death
   200 | D        | Reached * piety under Beogh
   200 | D        | Reached skill level 10 in Axes
   200 | D        | Reached XP level 4. HP: 46/51 MP: 6/10
   200 | D        | Reached XP level 5. HP: 53/58 MP: 7/12
   200 | D        | Reached XP level 6. HP: 60/66 MP: 7/13
   200 | D        | Reached XP level 7. HP: 65/71 MP: 7/14
   210 | D        | Entered arena 3.
   210 | D        | Found a transporter.
   215 | D        | Reached XP level 8. HP: 74/79 MP: 8/15
   224 | D        | Got the ring of Musel {Int+3 Dex+2}
   227 | D        | Entered arena 4.
   227 | D        | Noticed a yak
   227 | D        | Found a transporter.
   229 | D        | Reached ** piety under Beogh
   232 | D        | Reached skill level 10 in Fighting
   232 | D        | Reached skill level 10 in Invocations
   237 | D        | Killed a yak
   243 | D        | Got the ring "Toichuimn" {rElec rC- rN+ MR+}
   249 | D        | Entered arena 5.
   249 | D        | Noticed a slime creature
   249 | D        | Found a transporter.
   252 | D        | Reached *** piety under Beogh
   259 | D        | Killed a slime creature
   265 | D        | Got the ring "Nirap" {Ice rElec Str+4}
   267 | D        | Got the ring "Riebud" {rF+ SInv}
   271 | D        | Entered arena 6.
   271 | D        | Found a transporter.
   273 | D        | Reached **** piety under Beogh
   279 | D        | Reached skill level 10 in Armour
   279 | D        | Reached skill level 10 in Shields
   280 | D        | Reached ***** piety under Beogh
   285 | D        | Entered arena 7.
   285 | D        | Noticed a tentacled starspawn
   285 | D        | Noticed a small abomination
   285 | D        | Noticed a tentacled starspawn
   289 | D        | Found a transporter.
   295 | D        | Killed a small abomination
   297 | D        | Killed a tentacled starspawn
   297 | D        | Reached XP level 9. HP: 51/91 MP: 16/18
   300 | D        | Killed a tentacled starspawn
   300 | D        | Reached XP level 10. HP: 50/101 MP: 16/20
   508 | D        | Entered arena 8.
   509 | D        | Found a transporter.
   511 | D        | Paralysed by a floating eye for 2 turns
   516 | D        | Reached ****** piety under Beogh
   521 | D        | Gained Berold as an ally
   532 | D        | Got the +8 war axe "Upulezuv" {protect, rF+ rN+ Int+2}
   616 | D        | Entered arena 9.
   616 | D        | Noticed a naga mage
   616 | D        | Noticed a black mamba
   617 | D        | Found the +3 giant club "Skullcrusher" {speed, Str+7}
   618 | D        | Killed a black mamba
   619 | D        | Killed a naga mage
   626 | D        | Found a transporter.
   627 | D        | Your ally Berold died
   672 | D        | Entered arena 10.
   672 | D        | Noticed a lich
   672 | D        | Noticed a large abomination
   672 | D        | Noticed a tentacled starspawn
   673 | D        | Found a transporter.
   675 | D        | Noticed an Ice Fiend
   676 | D        | Noticed a cacodemon
   679 | D        | Killed a large abomination
   679 | D        | Reached XP level 11. HP: 88/108 MP: 21/21
   680 | D        | Killed a tentacled starspawn
   680 | D        | Reached skill level 15 in Axes
   680 | D        | Reached skill level 15 in Invocations
   684 | D        | Noticed a reaper
   687 | D        | Gained mutation: Your system is resistant to poisons. (rPois) [a cacodemon]
   688 | D        | Your ally Berold died
   691 | D        | Annihilated by an Ice Fiend

Vault maps used:
D:        sprint_v

Skill      XL: |  1  2  3  4  5  6  7  8  9 10 11 |
---------------+----------------------------------+-----
Fighting       | 5 9 12 13 14 | 14.5
Axes           | 4 5 10 13 14 15 | 15.3
Armour         | 4 5 9 11 12 13 | 13.5
Shields        | 4 5 9 11 12 13 | 13.4
Invocations    | 4 9 12 13 14 15 | 15.2

Action                   |  1- 3 |  4- 6 |  7- 9 | 10-12 || total
-------------------------+-------+-------+-------+-------++-------
Melee: Broad axe         |     7 |       |    38 |    32 ||    77
Invok: Smiting           |       |       |       |     3 ||     3
       Give Item to Name |       |       |       |     1 ||     1
       Resurrection      |       |       |       |     1 ||     1
  Use: Potion            |     6 |       |     3 |     3 ||    12
       Scroll            |       |       |       |     4 ||     4
 Stab: Distracted        |       |       |       |     1 ||     1
Armor: Crystal plate arm |     1 |       |     8 |    43 ||    52
Dodge: Dodged            |       |       |     3 |     6 ||     9
Block: Shield            |    11 |       |    46 |    67 ||   124

Table legend:
 A = Spawn XP
 B = Non-spawn XP
 C = Spawn XP percentage of total XP
 D = Spawn monster count
 E = Non-spawn monster count
 F = Spawn count percentage of total count
 G = Total turns spent on level
                    A         B        C        D         E        F      G
               +---------+---------+-------+---------+---------+-------+---------
         Total |       0 |   11960 |   0.0 |       0 |      44 |   0.0 |   691
               +---------+---------+-------+---------+---------+-------+---------
             D |       0 |   11960 |   0.0 |       0 |      44 |   0.0 |   691
               +---------+---------+-------+---------+---------+-------+---------
